 Dungeon Crawl Stone Soup version 0.25-a0-657-ge95d391c20 (webtiles) character file.

Game seed: 11377779669283354287, levelgen mode: deterministic

3202 Esekla the Stinger (level 9, -16/59 HPs)
             Began as an Octopode Venom Mage on Mar 22, 2020.
             Killed by the air
             ... invoked by Gastronok
              (22 damage)
             ... on level 8 of the Dungeon on Mar 23, 2020.
             The game lasted 01:12:22 (8607 turns).

Esekla the Stinger (Octopode Venom Mage)            Turns: 8607, Time: 01:12:22

Health: -16/59     AC:  1    Str:  9    XL:     9   Next: 96%
Magic:  0/17       EV: 15    Int: 19    God:
Gold:   501        SH:  0    Dex: 12    Spells: 7/18 levels left

rFire    . . .     SeeInvis .   k - +5 trident (protect)
rCold    . . .     Gourm    .   (no shield)
rNeg     . . .     Faith    .   (helmet restricted)
rPois    .         Spirit   +   p - amulet of guardian spirit
rElec    .         Reflect  .   y - ring of protection from magic
rCorr    .         Harm     .   (no ring)
MR       +....                  (no ring)
Stlth    ++++......             (no ring)
HPRegen  0.19/turn              (no ring)
MPRegen  0.15/turn              (no ring)
                                (no ring)
                                (no ring)

@: about to teleport, slowed, very slow
A: almost no armour, stealthy swim, amphibious, 8 rings, constrict 8, camouflage
1, gelatinous body 1
a: no special abilities


You were on level 8 of the Dungeon.
You were very hungry.

You visited 2 branches of the dungeon, and saw 9 of its levels.
You also visited: Sewer.

You collected 501 gold pieces.

Inventory:

Hand Weapons
 i - a +0 dagger of freezing
 k - a +5 trident of protection (weapon)
 w - a +2 vorpal shortbow
 F - a +0 scimitar of flaming
Missiles
 a - 42 poisoned darts (quivered)
 x - 42 arrows
Magical Staves
 d - an uncursed staff of power
Jewellery
 l - an uncursed amulet of the acrobat
 p - an amulet of guardian spirit (around mantle)
 s - an uncursed ring of ice
 y - a ring of protection from magic (left tentacle)
Wands
 t - a wand of clouds (5)
 B - a wand of polymorph (7)
 D - a wand of flame (23)
 E - a wand of random effects (21)
 G - a wand of iceblast (11)
Scrolls
 g - 3 scrolls of identify
 n - a scroll of blinking {unknown}
 o - 6 scrolls of remove curse
 r - 3 scrolls of fear {unknown}
 u - a scroll of magic mapping
 z - a scroll of teleportation
 C - a scroll of enchant armour {unknown}
Potions
 c - a potion of brilliance
 e - 3 potions of heal wounds
 f - 5 potions of stabbing
 h - 2 potions of might
 j - a potion of ambrosia
 m - a potion of resistance
 q - a potion of invisibility
 v - 3 potions of flight
 A - a potion of curing
Comestibles
 b - 11 rations


   Skills:
 * Level 4.6 Fighting
 + Level 4.6 Polearms
 + Level 0.3 Throwing
 * Level 5.5 Dodging
 + Level 5.7 Stealth
 * Level 5.4 Spellcasting
 * Level 4.7 Conjurations
 - Level 1.0 Transmutations
 * Level 4.9 Air Magic
 + Level 6.1 Poison Magic


You had 7 spell levels left.
You knew the following spells:

 Your Spells              Type           Power        Failure   Level  Hunger
a - Sting                 Tmut/Pois      ###.         2%          1    None
c - Mephitic Cloud        Conj/Pois/Air  ####....     4%          3    ##.....
i - Corona                Hex            #......      12%         1    None
v - Poisonous Vapours     Pois/Air       ####..       1%          2    None
x - Olgreb's Toxic Radia  Pois           ####....     10%         4    ####...

Your spell library contained the following spells:

 Spells                   Type           Power        Failure   Level  Hunger
 Ignite Poison            Fire/Tmut/Pois ##......     14%         3    ##.....
 Slow                     Hex            #.......     19%         2    None
 Inner Flame              Hex/Fire       #.......     34%         3    ##.....
 Portal Projectile        Hex/Tloc       #.....       34%         3    ##.....
 Cause Fear               Hex            #.........   75%         4    ####...
 Leda's Liquefaction      Hex/Erth       #.........   75%         4    ####...


Dungeon Overview and Level Annotations

Branches:
Dungeon (8/15)             Temple (1/1) D:4           Sewer (visited)
   Lair: D:8-11

Altars:
Ashenzari
Cheibriados
Dithmenos
Elyvilon
Fedhas
Hepliaklqana
Kikubaaqudgha
Makhleb
Nemelex Xobeh
Okawaru
Qazlal
Ru
Sif Muna
Trog
Uskayaw
Wu Jian
Xom
Yredelemnul
The Shining One

Shops:
D:7 [

Annotations:
D:8 Gastronok


Innate Abilities, Weirdness & Mutations

You cannot wear most types of armour.
You are very stealthy in the water. (Stealth+)
You are amphibious.
You can wear up to eight rings at the same time.
You can use your tentacles to constrict eight enemies at once.
Your skin changes colour to match your surroundings (Stealth+).
Your rubbery body absorbs attacks. (AC +1, EV +1)


Message History

As you read the scroll of teleportation, it crumbles to dust.
You feel strangely unstable.
The orc warrior hits you with a +0 mace!
* * * LOW HITPOINT WARNING * * *
The orc hits you but does no damage. The black bear bites you!
* * * LOW HITPOINT WARNING * * *
The black bear closely misses you. The black bear misses you.
Gastronok wobbles crazily.
You feel much better. The black bear bites you!
* * * LOW HITPOINT WARNING * * *
The black bear misses you. The black bear claws you.
* * * LOW HITPOINT WARNING * * *
The centaur hits the orc.
The orc warrior barely misses you. The orc hits you with a +0 hand axe.
* * * LOW HITPOINT WARNING * * *
The black bear barely misses you. The black bear misses you.
The black bear closely misses you. The orc warrior closely misses you.
Gastronok waves his eye-stalks in wide circles.
The air twists around and strikes you!!
You die...

#.#.. #.#
#...# #.#..#
#.######..w#
#.#...
#.#..).....#
#.#.
#.#........#
..
#.#......r.#
#.#.....r..#
######...#
#.((# #@oc#
#oh5# ##o##
Z.......#
###......
oZ....o...
###o...Z...
#.........
#.........#


You could see Gastronok, an orc warrior, a black bear (berserk), a centaur
(confused), a shadow imp, 2 orcs, a quokka, a rat and a bullfrog skeleton.

Vanquished Creatures
  Erica (D:8)
  A komodo dragon (D:7)
  A hornet (D:7)
  Eustachio (D:5)
  Menkaure (D:5)
  An orc warrior (D:8)
  2 sky beasts (D:8)
  An ogre (D:4)
  2 centaurs (D:6)
  Blork the orc (D:5)
  3 bullfrogs
  A scorpion (D:8)
  3 howler monkeys
  A centaur zombie (D:5)
  2 jellies
  A hound (D:6)
  5 orc wizards
  3 orc priests
  2 iguanas
  5 worker ants
  A worker ant zombie (D:8)
  13 adders
  7 gnolls
  A shadow imp (D:6)
  13 oozes (Sewer)
  An adder zombie (D:7)
  An adder skeleton (D:4)
  3 worms
  3 dart slugs
  14 leopard geckos
  31 orcs
  9 bats
  15 giant cockroaches
  11 goblins
  8 hobgoblins
  7 jackals
  4 quokkas
  16 ball pythons
  12 frilled lizards
  13 kobolds
  2 leopard gecko skeletons
  11 rats
234 creatures vanquished.

Vanquished Creatures (others)
  A human (D:2)
1 creature vanquished.

Grand Total: 235 creatures vanquished

Notes
Turn   | Place    | Note
-------+----------+-------------------------------------------
     0 | D:1      | Esekla the Octopode Venom Mage began the quest for the Orb.
     0 | D:1      | Reached XP level 1. HP: 11/11 MP: 3/3
   212 | D:1      | Reached XP level 2. HP: 18/18 MP: 5/5
   219 | D:1      | Learned a level 2 spell: Poisonous Vapours
   312 | D:1      | Reached skill level 1 in Fighting
   549 | D:1      | Reached XP level 3. HP: 7/23 MP: 3/6
   907 | D:2      | Found a bloodstained altar of Trog.
   997 | D:2      | Learned a level 3 spell: Mephitic Cloud
  1090 | D:2      | Found an ancient bone altar of Kikubaaqudgha.
  1090 | D:2      | Noticed a human
  1094 | D:2      | Killed a human
  1223 | D:2      | Reached XP level 4. HP: 11/28 MP: 7/7
  1290 | D:2      | Reached skill level 1 in Air Magic
  1605 | D:2      | Reached skill level 4 in Poison Magic
  1672 | D:3      | Reached XP level 5. HP: 34/34 MP: 5/8
  1804 | D:3      | Found an ornate altar of the Wu Jian Council.
  1862 | D:3      | Found a blossoming altar of Fedhas.
  2238 | D:3      | Reached skill level 1 in Polearms
  2239 | D:3      | Reached skill level 1 in Conjurations
  2582 | D:4      | Found a staircase to the Ecumenical Temple.
  2969 | D:3      | Found a burning altar of Makhleb.
  3010 | D:3      | Reached XP level 6. HP: 39/39 MP: 10/10
  3287 | D:3      | Found a sparkling altar of Nemelex Xobeh.
  3360 | D:3      | Found a white marble altar of Elyvilon.
  3482 | D:4      | Found a hide-covered altar of Uskayaw.
  3482 | D:4      | Noticed a +0 dagger
  3482 | D:4      | Noticed a +0 dagger
  4095 | Temple   | Entered the Ecumenical Temple
  4225 | D:5      | Entered Level 5 of the Dungeon
  4226 | D:5      | Noticed Blork the orc
  4259 | D:5      | Killed Blork the orc
  4259 | D:5      | Reached XP level 7. HP: 45/45 MP: 3/11
  4314 | D:5      | Noticed Eustachio
  4354 | D:5      | Killed Eustachio
  4886 | D:5      | Reached XP level 8. HP: 37/51 MP: 0/13
  5139 | D:5      | Noticed Menkaure
  5170 | D:5      | Killed Menkaure
  5639 | D:6      | Found a shadowy altar of Dithmenos.
  5681 | D:6      | Found a glowing drain.
  5713 | D:6      | Learned a level 4 spell: Olgreb's Toxic Radiance
  5893 | Sewer    | Entered a sewer
  5994 | Sewer    | Reached skill level 5 in Stealth
  6356 | Sewer    | Reached skill level 5 in Poison Magic
  6440 | D:6      | Found a snail-covered altar of Cheibriados.
  6444 | D:6      | Found a snail-covered altar of Cheibriados.
  6533 | D:6      | Found a shattered altar of Ashenzari.
  7076 | D:6      | Reached XP level 9. HP: 58/58 MP: 12/15
  7279 | D:7      | Found Vitonuec's Antique Armour Boutique.
  7406 | D:7      | Learned a level 1 spell: Corona
  7469 | D:7      | Noticed a hornet
  7476 | D:7      | Killed a hornet
  7476 | D:7      | Reached skill level 5 in Dodging
  7483 | D:7      | Noticed a komodo dragon
  7490 | D:7      | Killed a komodo dragon
  7757 | D:7      | Found a stormy altar of Qazlal.
  8272 | D:8      | Noticed Gastronok
  8584 | D:8      | Noticed Erica
  8603 | D:8      | Killed Erica
  8603 | D:8      | Reached skill level 5 in Spellcasting
  8603 | D:8      | Reached skill level 6 in Poison Magic
  8607 | D:8      | Killed from afar by Gastronok

Levels and vault maps discovered:
D:1:      psy_arrival_dodecagon, layout_loops_ring, minmay_octomino_e4
D:2:      layout_loops_ring, bloody_trog, first_ration, tgw_kikubaaqudgha
D:3:      minmay_octagon_keep, layout_basic, lightli_temple_of_fire,
          fedhas_ov_isle_minmay, old_standard_altar, lemuel_crystal_altar,
          marbit_many_paths
D:4:      layout_cave_pods, dancing_weapons_uskayaw,
          minmay_temple_entry_mini_moons
D:5:      layout_loops_corners, uniq_menkaure, uniq_eustachio,
          uniq_blork_the_orc
D:6:      layout_loops_corners, ashenzari_conservatory_becter,
          grunt_dithmenos_smoke, basic_altar, gup_sewer_entry_glass,
          cheibriados_altar_1
D:7:      layout_gridville, nicolae_qazlal_eye_of_the_storm, serial_shops, shop
D:8:      layout_basic, lair_entry_dummy, uniq_erica, uniq_gastronok
Temple:   nicolae_temple_figure_zero

Skill      XL: |  1  2  3  4  5  6  7  8  9 |
---------------+----------------------------+-----
Fighting       | 1 2 3 4 |  4.6
Stealth        | 3 4 5 |  5.7
Air Magic      | 1 2 3 4 |  4.9
Poison Magic   | 4 5 6 |  6.1
Polearms       | 1 2 3 4 |  4.6
Conjurations   | 1 2 3 4 |  4.7
Dodging        | 3 4 5 |  5.5
Spellcasting   | 3 4 5 |  5.4
Throwing       | |  0.3
Transmutations | |  1.0

Action                   |  1- 3 |  4- 6 |  7- 9 || total
-------------------------+-------+-------+-------++-------
Melee: Dagger            |    14 |       |       ||    14
       Constrict         |    11 |    14 |    37 ||    62
       Spear             |    45 |    79 |       ||   124
       Tentacles         |     9 |     7 |    24 ||    40
       Trident           |       |    28 |   249 ||   277
Throw: Dart              |       |     3 |     7 ||    10
 Cast: Poisonous Vapours |    10 |    25 |    72 ||   107
       Mephitic Cloud    |       |     4 |    11 ||    15
       Olgreb's Toxic Ra |       |       |     3 ||     3
  Use: Scroll            |     5 |     5 |     8 ||    18
       Potion            |       |       |     3 ||     3
 Stab: Sleeping          |    12 |    16 |    14 ||    42
       Confused          |       |     1 |     5 ||     6
  Eat: Chunk             |     1 |    11 |    17 ||    29
Armor: Skin              |     3 |     8 |    25 ||    36
Dodge: Dodged            |    29 |    47 |   137 ||   213

Table legend:
 A = Non-vault XP
 B = Vault XP
 C = Vault XP percentage of total XP
 D = Non-vault monster count
 E = Vault monster count
 F = Vault count percentage of total count
                 A         B        C        D         E       F
            +---------+---------+-------+---------+---------+-------
      Total |    2807 |    1768 |  38.6 |     159 |      75 |  32.1
            +---------+---------+-------+---------+---------+-------
        D:1 |      33 |       8 |  19.5 |      21 |       4 |  16.0
        D:2 |     141 |       0 |   0.0 |      30 |       0 |   0.0
        D:3 |     139 |      20 |  12.6 |      28 |       9 |  24.3
        D:4 |     213 |       0 |   0.0 |      10 |       0 |   0.0
        D:5 |     426 |     471 |  52.5 |      22 |       3 |  12.0
        D:6 |     524 |      43 |   7.6 |      21 |       5 |  19.2
        D:7 |     875 |       0 |   0.0 |      18 |       0 |   0.0
        D:8 |     456 |     853 |  65.2 |       9 |       1 |  10.0
      Sewer |       0 |     373 | 100.0 |       0 |      53 | 100.0
            +---------+---------+-------+---------+---------+-------
